 Dungeon Crawl Stone Soup version 0.23.2-40-g277498a001 (webtiles) character file.

Game seed: 13295993521658707332

94 Glamhuggeren the Sneak (level 4, -3/23 HPs)
             Began as a Vine Stalker Assassin on Oct 10, 2019.
             Slain by a killer bee (5 damage)
             ... on level 3 of the Dungeon.
             The game lasted 00:09:30 (1281 turns).

Glamhuggeren the Sneak (Vine Stalker Assassin)      Turns: 1281, Time: 00:09:31

Health: -3/23      AC:  6    Str: 13    XL:     4   Next: 63%
Magic:  0/5        EV: 12    Int: 11    God:
Gold:   168        SH:  0    Dex: 17    Spells: 3/3 levels left

rFire    . . .     SeeInvis +   a - +2 dagger
rCold    . . .     Gourm    .   (no shield)
rNeg     . . .     Faith    .   c - +0 robe
rPois    .         Spirit   +   q - +0 helmet
rElec    .         Reflect  .   d - +0 cloak
rCorr    .         Harm     .   (no gloves)
MR       .....                  (no boots)
Stlth    +++.......             (no amulet)
HPRegen  0.47/turn              (no ring)
MPRegen  0.09/turn              (no ring)

@: lethally poisoned (-3 -> -4)
A: fangs 2, thin metallic scales 1, see invisible, regeneration 1, magic shield,
antimagic bite, no potion heal 3, rot immunity
a: no special abilities


You were on level 3 of the Dungeon.
You were not hungry.

You visited 1 branch of the dungeon, and saw 3 of its levels.

You collected 168 gold pieces.

Inventory:

Hand Weapons
 a - a +2 dagger (weapon)
 b - a +0 blowgun
Missiles
 e - 22 poisoned needles
 f - 2 curare-tipped needles
 i - 94 stones (quivered)
 l - 4 tomahawks
Armour
 c - a +0 robe (worn)
 d - a +0 cloak (worn)
 q - a +0 helmet (worn)
Scrolls
 j - 9 scrolls of identify {unknown}
 k - 3 scrolls of fear {unknown}
 m - 2 scrolls of teleportation {unknown}
 r - a scroll of random uselessness {unknown}
Potions
 n - a potion of haste {unknown}
 o - a potion of cancellation {unknown}
 p - 2 potions of brilliance {unknown}
Comestibles
 g - 3 rations


   Skills:
 - Level 2.0 Fighting
 * Level 3.0 Short Blades
 - Level 2.0 Throwing
 - Level 1.0 Dodging
 * Level 6.1 Stealth


You had 3 spell levels left.
You didn't know any spells.
Your spell library was empty.

Dungeon Overview and Level Annotations

Branches:
Dungeon (3/15)

Altars:
Okawaru
Qazlal
Sif Muna


Innate Abilities, Weirdness & Mutations

You have extremely sharp teeth.
Your natural rate of healing is unusually fast.
When hurt, damage is shared between your health and your magic reserves.
Your bite disrupts and absorbs the magic of your enemies.
Potions cannot restore your health.
You are immune to rotting.
You are partially covered in thin metallic scales. (AC +2)
You have supernaturally acute eyesight. (SInv)


Message History

The killer bee is moderately wounded.
The killer bee closely misses you.
You hit the killer bee. Your bite misses the killer bee.
The killer bee is heavily wounded.
The killer bee stings you! The killer bee barely misses you.
The killer bee closely misses you. The killer bee barely misses you.
The killer bee stings you. The killer bee stings you.
You are poisoned.
The killer bee poisons you! The killer bee barely misses you.
The killer bee stings you but does no damage.
It was a potion of mutation.
You feel extremely strange.
You feel less in control of your magic.
You regain control of your magic.
Thin metallic scales grow over part of your body.
Your vision sharpens.
You feel sick. The killer bee barely misses you. x2
The killer bee stings you!
* * * LOW HITPOINT WARNING * * *
The killer bee stings you.
You die...

#. #.. #.# #
#.###############
###.####.#.......#....[.
.. ..y#.#.#####.#.#####
#.##y#.#.# #.#.#..##
#..yy@.#.# #.......#
######...# ###.#...#
.......#### #.......
.#####. #....... ..
#...♣♣♣. .>? ##..♣# #♣
#... #...♣ ♣ .... #...♣#
#♣ ###.# #### #....♣♣♣.


You could see 4 killer bees.

Vanquished Creatures
  Terence (D:2)
  2 adders (D:2)
  An ooze (D:1)
  3 dart slugs (D:1)
  A leopard gecko (D:2)
  A ball python (D:1)
  2 giant cockroaches
  4 goblins
  5 hobgoblins (D:1)
  5 bats
  A frilled lizard (D:3)
  11 kobolds
  5 rats
42 creatures vanquished.

Notes
Turn   | Place    | Note
-------+----------+-------------------------------------------
     0 | D:1      | Glamhuggeren the Vine Stalker Assassin began the quest for
                  | the Orb.
     0 | D:1      | Reached XP level 1. HP: 11/11 MP: 2/2
   124 | D:1      | Reached skill level 5 in Stealth
   144 | D:1      | Reached XP level 2. HP: 15/15 MP: 3/3
   161 | D:1      | Reached skill level 1 in Dodging
   281 | D:1      | Reached XP level 3. HP: 15/18 MP: 4/4
   777 | D:2      | Found a deep blue altar of Sif Muna.
   815 | D:2      | Gained mutation: Your natural rate of healing is unusually
                  | fast. [Vine Stalker growth]
   815 | D:2      | Reached XP level 4. HP: 23/23 MP: 5/5
   879 | D:2      | Found an iron altar of Okawaru.
   910 | D:2      | Noticed Terence
   936 | D:2      | Killed Terence
   936 | D:2      | Reached skill level 6 in Stealth
  1036 | D:2      | Found a stormy altar of Qazlal.
  1281 | D:3      | Gained mutation: Your spells are a little harder to cast,
                  | but a little more powerful. [potion of mutation]
  1281 | D:3      | Lost mutation: Your spells are a little harder to cast, but
                  | a little more powerful. [potion of mutation]
  1281 | D:3      | Gained mutation: You are partially covered in thin metallic
                  | scales. (AC +2) [potion of mutation]
  1281 | D:3      | Gained mutation: You have supernaturally acute eyesight.
                  | (SInv) [potion of mutation]
  1281 | D:3      | Slain by a killer bee

Skill      XL: |  1  2  3  4 |
---------------+-------------+-----
Stealth        | 5 6 |  6.1
Short Blades   | 2 3 |  3.0
Dodging        | 1 |  1.0
Fighting       | 2 |  2.0
Throwing       | 2 |  2.0

Action                   |  1- 3 |  4- 6 || total
-------------------------+-------+-------++-------
Melee: Dagger            |    74 |    35 ||   109
       Bite              |    15 |    10 ||    25
  Use: Potion            |       |     1 ||     1
 Stab: Sleeping          |     8 |     5 ||    13
       Distracted        |     1 |       ||     1
  Eat: Chunk             |       |     1 ||     1
Armor: Robe              |    12 |     8 ||    20
Dodge: Dodged            |    36 |    28 ||    64
